 Dungeon Crawl Stone Soup version 0.22.1-2-g9c5b331 (webtiles) character file.

16 MalarOregon the Chiller (level 2, -2/20 HPs)
             Began as a Merfolk Ice Elementalist on Nov 20, 2018.
             Slain by a hobgoblin (4 damage)
             ... on level 1 of the Dungeon.
             The game lasted 00:01:14 (569 turns).

MalarOregon the Chiller (Merfolk Ice Elementalist)   Turns: 569, Time: 00:01:15

Health: -2/20      AC:  2    Str:  8    XL:     2   Next: 58%
Magic:  0/5        EV: 13    Int: 14    God:
Gold:   0          SH:  0    Dex: 14    Spells: 4/5 levels left

rFire    . . .     SeeInvis .   (no weapon)
rCold    . . .     Gourm    .   (no shield)
rNeg     . . .     Faith    .   a - +0 robe
rPois    .         Spirit   .   (no helmet)
rElec    .         Reflect  .   (no cloak)
rCorr    .         Harm     .   (no gloves)
MR       .....                  (no boots)
Stlth    ++........             (no amulet)
HPRegen  0.06/turn              (no ring)
MPRegen  0.09/turn              (no ring)

@: no status effects
A: change form in water, swift swim, stealthy swim
a: no special abilities


You were on level 1 of the Dungeon.
You were not hungry.

You visited 1 branch of the dungeon, and saw 1 of its levels.

Inventory:

Armour
 a - a +0 robe (worn)
Potions
 c - a potion of berserk rage {unknown}
 d - a potion of degeneration {unknown}
Comestibles
 b - 3 chunks of flesh
 e - a ration {!d}


   Skills:
 + Level 0.8 Fighting
 + Level 3.0 Dodging
 - Level 2.1 Stealth
 + Level 2.2 Spellcasting
   Level 0.7 Conjurations
 * Level 3.7 Ice Magic


You had 4 spell levels left.
You knew the following spells:

 Your Spells              Type           Power        Failure   Level  Hunger
a - Freeze                Ice            ##..         4%          1    #......

Your spell library contained the following spells:

 Spells                   Type           Power        Failure   Level  Hunger
 Throw Frost              Conj/Ice       #.....       14%         2    ###....
 Ozocubu's Armour         Chrm/Ice       #.......     32%         3    ###....
 Throw Icicle             Conj/Ice       #.......     67%         4    #####..
 Summon Ice Beast         Ice/Summ       #.......     73%         4    #####..


Dungeon Overview and Level Annotations

Branches:
Dungeon (1/15)

Altars:


Message History

You barely miss the rat. The rat bites you but does no damage.
You hit the rat but do no damage. The rat barely misses you.
You hit the rat but do no damage. The rat closely misses you.
You hit the rat. The rat bites you but does no damage.
You closely miss the rat. The rat bites you.
You barely miss the rat. The rat closely misses you.
You hit the rat.
You kill the rat!
You hit the rat but do no damage. The rat bites you but does no damage.
You barely miss the rat. The rat bites you but does no damage.
You barely miss the rat. The rat barely misses you.
You hit the rat. The rat closely misses you.
You closely miss the rat. The rat bites you.
You closely miss the rat. The rat barely misses you.
You hit the rat. The rat closely misses you.
You hit the rat but do no damage. The rat misses you.
You closely miss the rat. The rat closely misses you.
You hit the rat but do no damage. The rat barely misses you.
Your magical contamination has completely faded away.
You hit the rat but do no damage. The rat bites you.
You closely miss the rat. The rat barely misses you.
You barely miss the rat. The rat bites you.
You closely miss the rat. The rat barely misses you.
You barely miss the rat. The rat bites you.
You hit the rat but do no damage. The rat bites you.
* * * LOW HITPOINT WARNING * * *
Aim: a rat (moderately wounded)
You freeze the rat. The rat bites you.
* * * LOW HITPOINT WARNING * * *
Aim: a rat (severely wounded)
You freeze the rat.
You kill the rat!
Unknown command.
Aim: a hobgoblin You freeze the hobgoblin.
The hobgoblin barely misses you.
Aim: a hobgoblin (severely wounded)
You freeze the hobgoblin.
You kill the hobgoblin!
Unknown command.
A ball python comes into view.
You hit the hobgoblin but do no damage. The hobgoblin hits you.
* * * LOW HITPOINT WARNING * * *
You hit the hobgoblin but do no damage. The hobgoblin hits you.
* * * LOW HITPOINT WARNING * * *
Aim: a hobgoblin You freeze the hobgoblin.
The hobgoblin hits you.
* * * LOW HITPOINT WARNING * * *
A frilled lizard comes into view.
You hit the hobgoblin but do no damage. The hobgoblin hits you.
You die...

#..... #....#.##.#
#....#...S. .
+....#.##.# ## ..
#....#.##.. .# ...
#....#.##.# l#
....#....#.##.# .#
!..r..#'##.##.###.#
.....)+.†......g@.#
...>gr#.##+##+#####
......#.# .g....#.#
......#.# ......#.#
......#.# #+# #.#
#.# #.#


You could see a hobgoblin and a frilled lizard (sleeping).

Vanquished Creatures
  A dart slug (D:1)
  A bat (D:1)
  A giant cockroach (D:1)
  A goblin (D:1)
  4 hobgoblins (D:1)
  2 jackals (D:1)
  2 rats (D:1)
12 creatures vanquished.

Notes
Turn   | Place    | Note
-------+----------+-------------------------------------------
     0 | D:1      | MalarOregon the Merfolk Ice Elementalist began the quest
                  | for the Orb.
     0 | D:1      | Reached XP level 1. HP: 13/13 MP: 3/3
   232 | D:1      | Reached XP level 2. HP: 20/20 MP: 1/5
   569 | D:1      | Slain by a hobgoblin

Skill      XL: |  1  2 |
---------------+-------+-----
Dodging        | 3 |  3.0
Fighting       | |  0.8
Stealth        | |  2.1
Spellcasting   | |  2.2
Conjurations   | |  0.7
Ice Magic      | |  3.7

Action                   || total
-------------------------++-------
Melee: Unarmed           ||    58
 Cast: Freeze            ||    20
Armor: Robe              ||    15
Dodge: Dodged            ||    32
